 Dungeon Crawl Stone Soup version 0.27.1-37-g7b29ead8ac (webtiles) character file.

Game seed: 3121348513909108318

168 cbfl8 the Covered (level 5, 0/46 HPs)
             Began as a Minotaur Fighter on Apr 30, 2023.
             Killed from afar by Sigmund (5 damage)
             ... with a magic dart
             ... on level 3 of the Dungeon.
             The game lasted 00:01:33 (2433 turns).

cbfl8 the Covered (Minotaur Fighter)                Turns: 2433, Time: 00:01:33

Health: 0/46       AC: 12    Str: 21    XL:     5   Next: 24%
Magic:  4/4        EV:  4    Int:  5    God:
Gold:   109        SH:  9    Dex: 10    Spells: 4/4 levels left

rFire    . . .     SeeInvis .   a - +0 war axe
rCold    . . .     Faith    +   c - +0 kite shield
rNeg     . . .     Spirit   .   e - +0 plate armour
rPois    .         Reflect  .   (helmet restricted)
rElec    .         Harm     .   (no cloak)
rCorr    .         Rampage  .   (no gloves)
Will     .....                  (no boots)
Stlth    ..........             i - amulet of faith
HPRegen  0.15/turn              (no ring)
MPRegen  0.09/turn              (no ring)

@: no status effects
A: horns 2, retaliatory headbutt
a: no special abilities


You were on level 3 of the Dungeon.
You visited 1 branch of the dungeon, and saw 3 of its levels.

You collected 109 gold pieces.

Inventory:

Hand Weapons
 a - a +0 war axe (weapon)
Armour
 c - a +0 kite shield (worn)
 e - a +0 plate armour (worn)
Jewellery
 i - an amulet of faith (around neck)
Scrolls
 b - a scroll of enchant weapon {unknown}
 f - a scroll of noise {unknown}
 g - a scroll of vulnerability {unknown}
 j - 2 scrolls of identify {unknown}
 l - a scroll of fog {unknown}
Potions
 d - a potion of might
 h - a potion of berserk rage {unknown}
 k - a potion of invisibility
 m - a potion of heal wounds {unknown}


   Skills:
 + Level 4.2 Fighting
 + Level 3.9 Axes
 + Level 4.5 Armour
 * Level 1.2 Dodging
 + Level 4.3 Shields
 * Level 1.2 Invocations
 * Level 1.0 Evocations


You had 4 spell levels left.
You didn't know any spells.
Your spell library contained the following spells:

 Spells                   Type           Power      Damage    Failure   Level
 Passwall                 Tmut/Erth      0%         N/A       100%        2
 Ignite Poison            Fire/Tmut/Pois 0%         N/A       100%        3
 Mephitic Cloud           Conj/Pois/Air  0%         N/A       100%        3
 Swiftness                Air            0%         N/A       100%        3
 Bolt of Magma            Conj/Fire/Erth 0%         4d4       100%        5
 Freezing Cloud           Conj/Ice/Air   0%         6-21      100%        5
 Invisibility             Hex            0%         N/A       100%        6
 Simulacrum               Ice/Necr       0%         N/A       100%        6
 Polar Vortex             Ice            0%         N/A       100%        9


Dungeon Overview and Level Annotations

Branches:
Dungeon (3/15)

Altars:

Shops:
D:1 *

Annotations:
D:3 Sigmund


Innate Abilities, Weirdness & Mutations

You have a pair of horns on your head.
You reflexively headbutt those who attack you in melee.


Message History

There are monsters nearby!
You slash Ijyb!
Ijyb is moderately wounded.
Ijyb barely misses you.
An endoplasm comes into view.
Ijyb hits you with a +0 dagger.
The endoplasm quivers.
You hit Ijyb.
Ijyb is moderately wounded.
Ijyb hits you but does no damage.
Unknown command.
You slash Ijyb!
Ijyb is almost dead.
Ijyb hits you but does no damage.
Sigmund hits you from afar with a +3 scythe of flaming.
Sigmund burns you. Ijyb barely misses you.
Unknown command.
You hit Ijyb but do no damage. You headbutt Ijyb.
You kill Ijyb!
You block Sigmund's attack.
The quokka bites you but does no damage.
Your Evocations skill increases to level 1!
Unknown command.
You miss the quokka. You block the quokka's attack. Sigmund barely misses you.
Unknown command.
You miss the quokka. You block the quokka's attack.
Sigmund hits you from afar with a +3 scythe of flaming!
Sigmund burns you. You block the quokka's attack.
Unknown command.
You closely miss the quokka. You headbutt the quokka.
You kill the quokka!
Sigmund hits you from afar with a +3 scythe of flaming!
Sigmund burns you.
You are too injured to fight recklessly!
Sigmund gestures at you while chanting. The magic dart hits you!
* * * LOW HITPOINT WARNING * * *
Sigmund casts a spell at you. The magic dart hits you.
You die...

...#........#.........#
...##.####..#.###.#..####
...##.# #..# #.#..# .#
#.###.# #..#
#.#..##)##..# #.# #.#
...# #.#..@......# #.#
#.# .#.# #...###)###.#
#.# #.# ....#.####..# ..J
.# #. ..#.........#####.#
## ###.#<@..>....#.#
########### . ! ..


You could see Sigmund.

Vanquished Creatures
  Ijyb (D:3)
  Natasha (thrice) (D:2)
  An adder (D:2)
  2 worms (D:2)
  A dart slug (D:1)
  2 ball pythons
  7 bats
  4 endoplasms
  3 giant cockroaches (D:1)
  10 goblins
  3 hobgoblins
  4 quokkas
  A frilled lizard (D:2)
  2 kobolds (D:2)
  5 rats
49 creatures vanquished.

Notes
Turn   | Place    | Note
-------+----------+-------------------------------------------
     0 | D:1      | cbfl8 the Minotaur Fighter began the quest for the Orb.
     0 | D:1      | Reached XP level 1. HP: 19/19 MP: 0/0
   174 | D:1      | Reached XP level 2. HP: 16/26 MP: 1/1
   320 | D:1      | Found Vigimilo's General Store.
   477 | D:1      | Found a faded altar of an unknown god.
   841 | D:1      | Reached XP level 3. HP: 33/33 MP: 2/2
  1638 | D:2      | Noticed Natasha
  1652 | D:2      | Killed Natasha
  1653 | D:2      | Reached XP level 4. HP: 29/40 MP: 3/3
  1827 | D:2      | Noticed Natasha
  1834 | D:2      | Killed Natasha
  2007 | D:2      | Noticed Natasha
  2018 | D:2      | Killed Natasha
  2019 | D:2      | Reached skill level 1 in Dodging
  2019 | D:2      | Reached skill level 1 in Invocations
  2019 | D:2      | Reached XP level 5. HP: 20/46 MP: 4/4
  2418 | D:3      | Noticed Ijyb
  2420 | D:3      | Noticed Sigmund
  2424 | D:3      | Killed Ijyb
  2425 | D:3      | Reached skill level 1 in Evocations
  2433 | D:3      | Killed from afar by Sigmund

Illustrated notes

Levels and vault maps discovered:
D:1:      minmay_arrival_cross, layout_loops_corners, serial_shops,
          nicolae_shop_crystal, shapermc_ecumenical_altar_notcrosses
D:2:      layout_basic, minmay_unequal, uniq_natasha
D:3:      layout_basic, fedhas_altar_fruit_tree, uniq_ijyb, uniq_sigmund,
          uniq_crazy_yiuf_cottage

Skill      XL: |  1  2  3  4  5 |
---------------+----------------+-----
Armour         | 4 |  4.5
Fighting       | 4 |  4.2
Shields        | 4 |  4.3
Axes           | 3 |  3.9
Dodging        | 1 |  1.2
Invocations    | 1 |  1.2
Evocations     | 1 |  1.0

Action                   |  1- 3 |  4- 6 || total
-------------------------+-------+-------++-------
Melee: War axe           |   103 |    23 ||   126
       Headbutt          |    19 |     8 ||    27
Armor: Scale mail        |     6 |       ||     6
       Plate armour      |    71 |    28 ||    99
Dodge: Dodged            |    13 |     7 ||    20
Block: Kite shield       |    63 |    20 ||    83
